 Dungeon Crawl Stone Soup version 0.21.1-1-g345015f (webtiles) character file.

183 tognito the Chopper (level 5, -3/67 HPs)
             Began as a Minotaur Berserker on June 9, 2018.
             Was a Priest of Trog.
             Slain by a slave (5 damage)
             ... led by Pikel
             ... on level 4 of the Dungeon.
             The game lasted 00:06:05 (2299 turns).

tognito the Chopper (Minotaur Berserker)            Turns: 2299, Time: 00:06:06

Health: -3/67      AC:  2    Str: 27    XL:     5   Next: 35%
Magic:  4/4        EV: 12    Int:  4    God:    Trog [***...]
Gold:   92         SH:  0    Dex: 10    Spells: 4/4 levels left

rFire    . . .     SeeInvis .   a - +0 hand axe
rCold    . . .     Gourm    .   (no shield)
rNeg     . . .     Faith    .   k - +0 animal skin
rPois    .         Spirit   .   (helmet restricted)
rElec    .         Reflect  .   (no cloak)
rCorr    .         Harm     .   (no gloves)
MR       .....                  (no boots)
Stlth    ..........             (no amulet)
HPRegen  0.21/turn              h - ring of flight
MPRegen  0.09/turn              (no ring)

@: berserking, very quick
A: retaliatory headbutt, horns 2
a: Berserk, Trog's Hand, Burn Spellbooks, Renounce Religion, Evoke Flight


You were on level 4 of the Dungeon.
You worshipped Trog.
Trog was most pleased with you.
You were hungry.

You visited 1 branch of the dungeon, and saw 4 of its levels.

You collected 92 gold pieces.

Inventory:

Hand Weapons
 a - a +0 hand axe (weapon)
 b - a +4 hunting sling
Missiles
 j - 36 arrows
 l - 15 stones (quivered)
Armour
 k - a +0 animal skin (worn)
Jewellery
 h - a ring of flight (left hand)
Wands
 m - a wand of paralysis (13)
Scrolls
 e - a scroll of immolation {unknown}
 f - 7 scrolls of identify {unknown}
 i - a scroll of teleportation {unknown}
Potions
 d - a potion of curing
 g - 3 potions of agility
 n - a potion of heal wounds
Comestibles
 c - 8 rations
 o - a chunk of flesh


   Skills:
 - Level 3.6 Fighting
 + Level 6.6 Axes
 - Level 2.6 Slings
 - Level 2.4 Armour
 - Level 2.1 Dodging


You had 4 spell levels left.
You didn't know any spells.

Dungeon Overview and Level Annotations

Branches:
Dungeon (4/15)
 Temple: D:4-7

Altars:
Elyvilon

Annotations:
D:3 1 runed door
D:4 Pikel


Innate Abilities, Weirdness & Mutations

You reflexively headbutt those who attack you in melee.
You have a pair of horns on your head.


Message History

The slave closely misses you.
A red film seems to cover your vision as you go berserk!
You feel yourself moving faster!
You feel mighty!
You are feeling hungry.
The slave hits you.
* * * LOW HITPOINT WARNING * * *
The slave hits you!
* * * LOW HITPOINT WARNING * * *
Pikel hits you with a whip of freezing.
* * * LOW HITPOINT WARNING * * *
Pikel freezes you.
* * * LOW HITPOINT WARNING * * *
The slave closely misses you. You furiously retaliate!
You headbutt the slave! You hit Pikel.
Pikel is moderately wounded.
You hit the slave but do no damage. You slash the quokka!
You kill the quokka!
Trog accepts your kill.
You slash the slave! You miss the slave. The slave hits you.
You die...

.... ...########
..........
.>.......
#.....(.%.
##..(..#.#
#######p..#....##
.(..(p.K@.<......
######p#p######
#<....<.........
#..#....########
#...........
#..##......##
#.#..##.#.#.#
#..#. ..#.#.# #..
#.......#


You could see Pikel and 4 slaves.

Vanquished Creatures
  2 orc wizards (D:3)
  4 adders
  3 oozes
  A worm (D:2)
  A dart slug (D:1)
  A leopard gecko (D:3)
  4 orcs (D:3)
  3 bats
  4 giant cockroaches
  6 hobgoblins
  4 jackals (D:3)
  11 kobolds
  A quokka (D:4)
  2 ball pythons (D:3)
  4 frilled lizards
  13 goblins
  4 rats
68 creatures vanquished.

Notes
Turn   | Place    | Note
-------+----------+-------------------------------------------
     0 | D:1      | tognito the Minotaur Berserker began the quest for the Orb.
     0 | D:1      | Reached XP level 1. HP: 19/19 MP: 0/0
    28 | D:1      | Reached skill level 4 in Axes
    63 | D:1      | Reached XP level 2. HP: 21/26 MP: 1/1
   641 | D:2      | Reached skill level 5 in Axes
   683 | D:2      | Reached XP level 3. HP: 28/31 MP: 2/2
   689 | D:2      | Reached ** piety under Trog
  1333 | D:3      | Found a white marble altar of Elyvilon.
  1333 | D:3      | Noticed an angel
  1348 | D:3      | Reached skill level 1 in Slings
  1348 | D:3      | Reached XP level 4. HP: 38/39 MP: 3/3
  1361 | D:3      | Reached skill level 6 in Axes
  1368 | D:3      | Reached XP level 5. HP: 16/45 MP: 4/4
  1374 | D:3      | Found a runed door.
  1677 | D:3      | Reached *** piety under Trog
  2288 | D:4      | Noticed a slave
  2288 | D:4      | Noticed a slave
  2288 | D:4      | Noticed a slave
  2289 | D:4      | Noticed Pikel
  2295 | D:4      | Noticed a slave
  2298 | D:4      | HP: 3/67 [Pikel/whip of freezing (3)]
  2299 | D:4      | Slain by a slave

Skill      XL: |  1  2  3  4 |
---------------+-------------+-----
Axes           | 4 5 6 |  6.6
Slings         | 1 2 |  2.6
Fighting       | |  3.6
Armour         | |  2.4
Dodging        | |  2.1

Action                   |  1- 3 |  4- 6 || total
-------------------------+-------+-------++-------
Melee: Hand axe          |    52 |    28 ||    80
       Headbutt          |     6 |     5 ||    11
 Fire: Hunting sling     |    21 |    27 ||    48
Invok: Berserk           |       |     2 ||     2
  Use: Potion            |     3 |     1 ||     4
       Scroll            |     1 |       ||     1
 Stab: Sleeping          |     2 |       ||     2
  Eat: Chunk             |     1 |     4 ||     5
Armor: Animal skin       |    10 |     1 ||    11
Dodge: Dodged            |    52 |    24 ||    76
